AoeStats
← SATOLEP

Black Forest

510220261Analyzed
4v4 RM · 2d ago on Sep 30, 2026· 53m 43s· 8 players
Game mode
Random Map
Map size
Large (8 player)
Population
200
Speed
Normal
Resources
Standard
Victory
Conquest
Starting age
Dark Age
Ending age
Imperial Age
RankedLock teamsTeams togetherTeam positionsShared explorationLock speedFull tech treeHidden civsTurbo modeCheats
Victory
Defeat
🇨🇴 Khmer · Colombia
1287
+14
🇧🇷 Mongols · Brazil
1243
+16
🇨🇴 Danes · Colombia
1227
+17
🇨🇱 Japanese · Chile
1191
+18
🇧🇷 Varangians · Brazil
1283
-18
🇧🇷 Jurchens · Brazil
1253
-17
🇧🇷 Persians · Brazil
1224
-15
🇧🇷 Britons · Brazil
1217
-15
Alex_AoE
1:00 Loom
12:13 Feudal Age
13:40 Double-Bit Axe
16:06 Castle Age
15:01 Stone Mining
14:52 Horse Collar
15:05 Gold Mining
16:58 Bow Saw
19:17 Fervor
21:30 Wheelbarrow
20:41 Town Watch
28:32 Stone Shaft Mining
31:34 Imperial Age
29:56 Gold Shaft Mining
29:27 Fletching
29:38 Padded Archer Armor
29:49 Padded Archer Armor
30:31 Hand Cart
30:26 Bodkin Arrow
31:07 Ballistics
31:27 Leather Archer Armor
31:37 Heavy Plow
33:36 Chemistry
32:45 Bracer
34:24 Elite Mangudai
35:06 Nomads
38:44 Scale Barding Armor
38:49 Forging
40:28 Thumb Ring
40:52 Siege Engineers
42:14 Scale Mail Armor
43:01 Conscription
43:09 Chain Barding Armor
43:24 Iron Casting
43:32 Husbandry
43:42 Bloodlines
44:11 Iron Casting
44:01 Heavy Camel Rider
47:46 Blast Furnace
48:26 Caravan
48:28 Elite Skirmisher
50:13 Parthian Tactics
50:11 Town Patrol
51:37 Chain Mail Armor
51:58 Drill
52:15 Masonry
52:57 Plate Mail Armor
Astaroth
7:29 Loom
10:13 Feudal Age
11:45 Double-Bit Axe
17:38 Castle Age
16:04 Horse Collar
18:02 Scale Mail Armor
18:16 Gambesons
19:00 Chain Mail Armor
18:36 Arson
22:59 Forging
24:05 Fervor
27:42 Caravan
29:20 Squires
30:05 Wheelbarrow
37:28 Imperial Age
38:02 Iron Casting
38:02 Heavy Mounted Crossbowman
39:11 Ballistics
38:43 Fletching
39:10 Cranequins
40:16 Bodkin Arrow
41:27 Chemistry
41:22 Bracer
42:11 Padded Archer Armor
49:40 Leather Archer Armor
49:34 Thumb Ring
49:47 Bloodlines
52:18 Ring Archer Armor
SATOLEP
2:25 Loom
10:00 Feudal Age
14:16 Forging
14:21 Horse Collar
15:36 Bloodlines
16:52 Scale Barding Armor
22:38 Castle Age
21:25 Double-Bit Axe
25:11 Stone Mining
25:35 Bow Saw
25:30 Heavy Plow
28:11 Wheelbarrow
28:24 Stone Shaft Mining
27:40 Gold Mining
32:01 Hand Cart
32:24 Caravan
36:59 Imperial Age
35:52 Chain Barding Armor
36:08 Iron Casting
36:18 Gold Shaft Mining
36:13 Tusk Swords
36:18 Husbandry
38:15 Plate Barding Armor
37:31 Fletching
38:06 Elite Battle Elephant
39:33 Conscription
43:47 Blast Furnace
42:43 Bodkin Arrow
43:53 Chemistry
43:14 Ballistics
43:00 Siege Engineers
Junioronga
1:39 Loom
12:14 Feudal Age
13:43 Double-Bit Axe
16:02 Castle Age
13:49 Horse Collar
17:01 Bow Saw
19:54 Wheelbarrow
20:26 Heavy Plow
23:48 Hand Cart
24:12 Town Watch
25:50 Gold Mining
28:32 Gold Shaft Mining
27:49 Stone Mining
31:04 Imperial Age
29:10 Forging
29:16 Scale Mail Armor
29:01 Treadmill Crane
28:51 Pikeman
29:32 Squires
29:17 Arson
30:37 Bloodlines
30:28 Husbandry
30:34 Thumb Ring
31:05 Iron Casting
30:22 Fletching
30:55 Ballistics
31:16 Chain Mail Armor
31:03 Padded Archer Armor
30:59 Bodkin Arrow
32:48 Two-Man Saw
32:12 Conscription
32:20 Parthian Tactics
31:47 Halberdier
31:50 Onager
32:54 Leather Archer Armor
33:41 Kataparuto
34:01 Block Printing
34:55 Plate Mail Armor
35:26 Blast Furnace
34:57 Ring Archer Armor
34:28 Bracer
35:30 Chemistry
35:04 Town Patrol
40:26 Guard Tower
42:31 Keep
41:42 Arrowslits
42:03 Siege Engineers
42:02 Yasama
42:08 Heavy Cavalry Archer
43:40 Sanctity
43:31 Fervor
43:48 Illumination
43:59 Theocracy
45:13 Elite Samurai
46:07 Elite Samurai
RANDALZIN
0:33 Loom
11:46 Feudal Age
18:57 Castle Age
17:57 Double-Bit Axe
19:28 Bloodlines
20:39 Horse Collar
22:00 Scale Barding Armor
22:05 Forging
22:46 Husbandry
24:07 Wheelbarrow
30:01 Siege Engineers
30:18 Ballistics
31:34 Chain Barding Armor
31:50 Iron Casting
31:18 Gold Mining
31:43 Bow Saw
32:53 Hand Cart
35:13 Imperial Age
33:41 Gold Shaft Mining
36:41 Plate Barding Armor
37:06 Blast Furnace
37:49 Town Watch
37:36 Elite Steppe Lancer
39:00 Heavy Plow
40:39 Blast Furnace
39:31 Heavy Rocket Cart
43:36 Thunderclap Bombs
43:47 Conscription
43:59 Fletching
44:37 Light Cavalry
DougSh4rK
14:44 Feudal Age
22:05 Castle Age
22:53 Horse Collar
23:37 Double-Bit Axe
34:55 Bow Saw
34:51 Heavy Plow
34:55 Crossbowman
35:55 Fletching
36:06 Padded Archer Armor
37:29 Elite Skirmisher
39:13 Elite Skirmisher
darkdudu
3:37 Loom
11:52 Feudal Age
13:09 Double-Bit Axe
13:40 Horse Collar
16:29 Castle Age
26:40 Heavy Plow
27:59 Wheelbarrow
27:20 Stone Mining
27:23 Gold Mining
29:40 Bow Saw
29:54 Hand Cart
31:01 Bloodlines
30:52 Husbandry
31:14 Scale Barding Armor
31:21 Forging
31:24 Caravan
32:21 Stone Shaft Mining
34:21 Imperial Age
31:50 Treadmill Crane
34:24 Elite Jarl
35:33 Chain Barding Armor
35:49 Iron Casting
38:58 Blast Furnace
38:34 Plate Barding Armor
Tilan Borrego
11:59 Feudal Age
15:21 Castle Age
17:15 Loom
20:49 Double-Bit Axe
20:59 Horse Collar
23:17 Wheelbarrow
25:38 Heavy Plow
25:53 Bow Saw
27:45 Gold Mining
28:40 Caravan
29:36 Bloodlines
29:26 Husbandry
29:34 Scale Barding Armor
29:39 Forging
30:08 Hand Cart
29:50 Stone Mining
31:05 Gold Shaft Mining
31:32 Chain Barding Armor
31:47 Iron Casting
35:11 Imperial Age
34:13 Stone Shaft Mining
34:00 Kamandaran
33:52 Fletching
34:02 Padded Archer Armor
34:30 Bodkin Arrow
34:53 Elite War Elephant
35:54 Conscription
37:42 Plate Barding Armor
38:07 Blast Furnace
39:29 Crossbowman
40:14 Thumb Ring
40:27 Leather Archer Armor
40:34 Ballistics
41:14 Chemistry
41:32 Crop Rotation
42:04 Two-Man Saw
Connection lost

Rejoining the realm…

Still unreachable

The connection could not be restored.

Session expired

The server has moved on; the page needs a fresh start.